Map: Gresvan LE

Players

A.I. 1 (Very Easy) - Winner!

  • Race: Zerg Zerg
  • Spawn Location: 11:00

Lonk

  • Race: Zerg Zerg
  • Spawn Location: 5:00

VOD

Have the link to the VOD?

Description

Time

  • Played on: April 14, 2023, 6:24 p.m.
  • Length: 5:27
Show
View Real Time Build Order
Export as new Build Order

A.I. 1 (Very Easy) Zerg - Winner!

Build Orders: Pool First 

Get SALT Encoding   

  12  0:00  Overlord x2, Drone x2, Zergling x6, Queen  
  12  0:03  Drone  
  13  0:09  Spawning Pool  
  13  0:10  Drone  
  13  0:11  Extractor  
  16  0:15  Roach Warren  
  16  0:16  Hatchery  
  16  0:17  Drone  
  16  0:18  Extractor  
  15  0:24  Drone  
  16  0:31  Drone  
  17  0:38  Drone  
  18  0:46  Drone  
  19  0:53  Drone  
  20  1:00  Drone  
  21  1:07  Drone  
  22  1:14  Drone  
  23  1:22  Drone  
  24  1:29  Drone  
  27  1:54  Lair  
  27  2:31  Roach  
  27  2:38  Drone  
  27  2:42  Overseer  
  27  2:45  Drone  
  27  2:46  Overseer  
  30  2:53  Drone  
  31  3:00  Drone  
  32  3:07  Drone  
  33  3:14  Drone  
  34  3:21  Drone  
  34  3:22  Roach  
  35  3:29  Drone  
  36  3:36  Drone  
  37  3:43  Drone  
  40  3:50  Drone  
  41  3:57  Drone  
  42  4:04  Drone  
  43  4:11  Drone  
  43  4:13  Roach  
  44  4:19  Drone  
  45  4:26  Drone  
  46  4:33  Drone  
  49  4:40  Drone  
  50  4:47  Drone, Extractor  
  50  4:54  Drone  
  50  4:57  Extractor  
  50  5:05  Roach  
Show
View Real Time Build Order
Export as new Build Order

Lonk Zerg 

Build Orders: Hatch First 

Get SALT Encoding   

  1  0:00  Drone x19  
  31  0:18  Hatchery  
  31  0:20  Extractor  
  29  0:24  Spawning Pool  
  29  0:27  Evolution Chamber  
  27  0:32  Roach Warren  
  27  0:33  Spore Crawler, Baneling Nest  
  27  0:34  Spine Crawler  
  23  1:30  Zerg Melee Weapons Level 3, Zerg Ground Armor Level 3, Zerg Missile Weapons Level 3  
  23  1:34  Zerg Flyer Weapons Level 3  
  23  1:35  Zerg Flyer Armor Level 3  
  23  1:49  Zerg Melee Weapons Level 2  
  23  1:50  Zerg Ground Armor Level 2, Zerg Missile Weapons Level 2  
  23  1:54  Zerg Flyer Weapons Level 2  
  23  1:55  Zerg Flyer Armor Level 2  
  23  2:09  Zerg Melee Weapons Level 1  
  23  2:10  Zerg Missile Weapons Level 1, Zerg Ground Armor Level 1  
  23  2:16  Zerg Flyer Armor Level 1, Zerg Flyer Weapons Level 1  
  23  2:27  Lair  
  23  2:36  Hive  
  23  2:42  Adrenal Glands  
  23  2:56  Metabolic Boost  
  23  3:01  Chitinous Plating  
  23  3:02  Greater Spire, Neural Parasite  
  23  3:03  Centrifugal Hooks  
  23  3:05  Glial Reconstitution, Tunneling Claws, Muscular Augments, Grooved Spines  
  23  3:16  Burrow  
  23  3:21  Adaptive Talons, Seismic Spines  
  23  3:24  Pathogen Glands  
  23  3:35  Hydralisk Den  
  23  3:37  Infestation Pit, Anabolic Synthesis  
  23  3:40  Lurker Den  
  20  3:43  Pneumatized Carapace, Spire  
  20  3:44  Nydus Network  
  18  3:53  Ultralisk Cavern  
  17  4:10  Ultralisk, Infestor  
  17  4:17  Corruptor  
  17  4:18  Swarm Host  
  17  4:19  Viper  
  17  4:20  Hydralisk  
  17  4:21  Overlord x2, Mutalisk  
  17  4:24  Roach, Zergling x2  
  17  4:31  Brood Lord  
  17  4:41  Queen  
  40  4:57  Ravager  
  40  4:59  Lurker  
  44  5:01  Baneling  
Tags
 
Matchup
ZvZ
Race
Zerg
Spawn Locations
Cross Positions
Add a new tag
Caveats
  • Supply blocks, unpowered buildings, or Contaminate may cause inaccurate times.
  • Supply counts are checked every 10 seconds.